 Dungeon Crawl Stone Soup version 0.24.1-4-ge52af88ad5 (webtiles) character file.

Game seed: 8028065998019976316, levelgen mode: deterministic

127580 H0rd4k the Slicer (level 17, -2/135 HPs)
             Began as a Human Artificer on Apr 15, 2020.
             Was an Initiate of Gozag.
             Slain by a 13-headed hydra (7 damage)
             ... on level 4 of the Swamp on Apr 16, 2020.
             The game lasted 01:54:05 (34675 turns).

H0rd4k the Slicer (Human Artificer)                Turns: 34675, Time: 01:54:07

Health: -2/135     AC: 46    Str: 25    XL:     17   Next: 56%
Magic:  21/21      EV: 12    Int: 14    God:    Gozag
Gold:   2892       SH: 13    Dex: 20    Spells: 16/16 levels left

rFire    . . .     SeeInvis .   h - +9 falchion of Maiwykh {slice, MR- Dex+6}
rCold    + + +     Gourm    .   U - +0 buckler {AC+3}
rNeg     + . .     Faith    .   J - +16 plate armour of Elyvilon's Benevolence {+Fly rElec rC+ Regen+}
rPois    .         Spirit   .   D - +2 helmet of Untruth {rElec Str+3}
rElec    +         Reflect  +   R - +0 cloak of Wewnamp {rElec rF- rC+ Slay+3}
rCorr    +         Harm     .   (no gloves)
MR       .....                  z - +3 pair of boots of Okawaru's Castigation {rC+ Stlth+}
Stlth    ..........             g - +5 amulet of reflection
HPRegen  0.72/turn              K - ring of False Pretenses {rN+ rCorr Str+3}
MPRegen  0.17/turn              H - ring of Lady Luck {rF+ rC+ Str+2}

@: about to teleport
A: yellow scales 1, cold resistance 1, deterioration 1, mutation resistance 1
a: Potion Petition, Call Merchant, Bribe Branch, Renounce Religion, Evoke Flight


You were on level 4 of the Swamp.
You worshipped Gozag.
Gozag was most pleased with you.
You were not hungry.

You visited 5 branches of the dungeon, and saw 25 of its levels.
You also visited: Ossuary.

You collected 8642 gold pieces.
You spent 2911 gold pieces at shops.
You paid 2839 gold pieces to Gozag.

Inventory:

Hand Weapons
 h - the +9 falchion of Maiwykh (weapon) {slice, MR- Dex+6}
   (You bought it in a shop on level 2 of the Orcish Mines)

   It inflicts extra damage upon your enemies.
   It affects your dexterity (+6).
   It affects your resistance to hostile enchantments.
 G - a +3 short sword of venom
Missiles
 l - 82 poisoned darts (quivered)
 O - 23 curare-tipped darts
Armour
 z - the +3 pair of boots of Okawaru's Castigation (worn) {rC+ Stlth+}
   (You bought it in a shop on level 2 of the Orcish Mines)

   It protects you from cold.
   It makes you more stealthy.
 D - the +2 helmet of Untruth (worn) {rElec Str+3}
   (You bought it in a shop on level 2 of the Orcish Mines)

   It affects your strength (+3).
   It insulates you from electricity.
 J - the +16 plate armour of Elyvilon's Benevolence (worn) {+Fly rElec rC+ Regen+}
   (You bought it in a shop on level 5 of the Dungeon)

   It protects you from cold.
   It insulates you from electricity.
   It lets you fly.
   It increases your rate of regeneration.
 R - the +0 cloak of Wewnamp (worn) {rElec rF- rC+ Slay+3}
   (You found it on level 2 of the Lair of Beasts)

   It affects your accuracy and damage with ranged weapons and melee attacks
   (+3).
   It makes you vulnerable to fire.
   It protects you from cold.
   It insulates you from electricity.
 U - a +0 buckler of protection (worn)
Jewellery
 g - a +5 amulet of reflection (around neck)
 o - a +4 ring of protection
 s - an uncursed ring of protection from fire
 v - an uncursed ring of protection from magic
 H - the ring of Lady Luck (right hand) {rF+ rC+ Str+2}
   (You bought it in a shop on level 2 of the Orcish Mines)

   [ring of protection from cold]

   It affects your strength (+2).
   It protects you from fire.
   It protects you from cold.
 K - the ring of False Pretenses (left hand) {rN+ rCorr Str+3}
   (You found it on level 2 of the Orcish Mines)

   [ring of resist corrosion]

   It affects your strength (+3).
   It protects you from negative energy.
   It provides partial protection from all sources of acid and corrosion.
 V - an uncursed ring of protection from cold
Wands
 a - a wand of paralysis (5)
 d - a wand of enslavement (9)
 n - a wand of random effects (60)
 u - a wand of iceblast (10)
 E - a wand of flame (43)
 L - a wand of digging (4)
Scrolls
 b - a scroll of identify
 c - 4 scrolls of enchant armour
 e - a scroll of amnesia
 k - 5 scrolls of remove curse
 m - 3 scrolls of fog
 p - 4 scrolls of teleportation
 r - 2 scrolls of blinking
 F - a scroll of magic mapping
 Z - 4 scrolls of enchant weapon
Potions
 i - 3 potions of curing
 j - 5 potions of ambrosia
 q - a potion of brilliance
 w - 4 potions of flight
 x - a potion of invisibility
 A - 3 potions of magic
 I - 2 potions of agility
Miscellaneous
 M - a sack of spiders
 N - a phial of floods
 Y - a fan of gales
Comestibles
 f - 21 rations


   Skills:
 + Level 12.5 Fighting
 + Level 13.8(15.0) Short Blades
 + Level 10.3(13.3) Long Blades
 + Level 7.7 Throwing
 + Level 12.8 Armour
 + Level 6.9 Dodging
 + Level 6.2 Stealth
 + Level 11.7 Shields
 + Level 6.3 Evocations


You had 16 spell levels left.
You didn't know any spells.
Your spell library contained the following spells:

 Spells                   Type           Power        Failure   Level  Hunger
 Animate Skeleton         Necr           N/A          94%         1    ##.....
 Apportation              Tloc           #.....       94%         1    ##.....
 Confusing Touch          Hex            #.....       94%         1    ##.....
 Flame Tongue             Conj/Fire      #....        94%         1    ##.....
 Sting                    Conj/Pois      #...         94%         1    ##.....
 Summon Small Mammal      Summ           #...         94%         1    ##.....
 Poisonous Vapours        Pois/Air       #.....       98%         2    ###....
 Throw Flame              Conj/Fire      #.....       98%         2    ###....
 Conjure Flame            Conj/Fire      #.......     100%        3    ####...
 Inner Flame              Hex/Fire       #.......     100%        3    ####...
 Mephitic Cloud           Conj/Pois/Air  #.......     100%        3    ####...
 Cause Fear               Hex            #.........   100%        4    #####..
 Olgreb's Toxic Radiance  Pois           #.......     100%        4    #####..
 Sticky Flame             Conj/Fire      #.......     100%        4    #####..
 Fireball                 Conj/Fire      #.........   100%        5    ######.
 Silence                  Hex/Air        #.........   100%        5    ######.
 Venom Bolt               Conj/Pois      #.........   100%        5    ######.
 Yara's Violent Unravell  Hex/Tmut       #.........   100%        5    ######.
 Deflect Missiles         Chrm/Air       #.........   100%        6    #######
 Discord                  Hex            #.........   100%        8    #######


Dungeon Overview and Level Annotations

Branches:
Dungeon (12/15)            Temple (1/1) D:7            Lair (6/6) D:8
  Swamp (4/4) Lair:3       Spider (0/4) Lair:4        Slime (0/5) Lair:6
    Orc (2/2) D:11            Elf (0/3) Orc:2       Ossuary (visited)

Altars:
Cheibriados
Fedhas
Gozag
Kikubaaqudgha
Qazlal
Ru
Trog
Wu Jian
Xom
Yredelemnul
The Shining One
Beogh
Jiyva

Shops:
D:4 :   D:5 [   D:7 *[[   D:8 }}=*   Orc:2 =*([}

Annotations:
D:12 3 runed translucent doors, Peloso's ghost, journeyman MiFi; worthlessgem's ghost, novice FoAM
Lair:1 exclusion: 2 downstairs
Lair:2 exclusion: downstairs
Lair:3 exclusion: 2 downstairs
Swamp:1 exclusion: downstairs
Swamp:3 exclusion: downstairs
Orc:1 exclusion: 2 downstairs


Innate Abilities, Weirdness & Mutations

You are partially covered in yellow scales. (AC +2)
Your flesh is cold resistant. (rC+)
Your body sometimes deteriorates upon taking damage.
You are somewhat resistant to further mutation.


Message History

The 13-headed hydra misses you.
The 13-headed hydra bites you but does no damage. x2
The 13-headed hydra bites you.
* * * LOW HITPOINT WARNING * * *
The 13-headed hydra barely misses you.
The 13-headed hydra bites you but does no damage. x4
The 13-headed hydra closely misses you.
The 13-headed hydra bites you but does no damage.
The 13-headed hydra bites you.
* * * LOW HITPOINT WARNING * * *
The swamp drake bites you but does no damage.
Unknown command.
Unknown command.
You feel better.
You are engulfed in noxious fumes.
* * * LOW HITPOINT WARNING * * *
You block the 13-headed hydra's attack. The 13-headed hydra bites you.
* * * LOW HITPOINT WARNING * * *
The 13-headed hydra bites you!
You die...
Your body crumbles into a pile of gold.

♣♣♣≈≈≈≈≈≈≈≈≈≈≈♣♣ ♣♣♣
♣♣♣.≈≈≈≈≈≈≈§≈♣♣♣♣♣.≈
♣♣..≈≈≈....♣≈.♣♣.≈
♣♣.≈≈≈..≈.♣..≈♣≈.
♣≈....≈≈.♣..♣♣.≈
♣♣♣♣..♣.≈...≈♣..≈≈≈
♣♣..°.≈≈≈...≈♣♣....≈
♣≈°°k♣♣.≈≈♣♣♣♣♣♣...≈
♣°°@°♣♣.≈.♣ ♣..≈≈
♣♣♣D♣♣♣♣♣♣♣ ♣≈≈≈.
♣.≈°≈.♣≈♣ ♣≈≈≈.
♣.≈≈≈.≈♣♣ ♣♣♣♣.
♣.≈≈≈$≈♣♣♣ ♣≈
♣♣♣...$.≈♣♣♣♣♣♣♣♣♣♣♣
♣..≈≈≈≈≈..≈≈P♣≈≈.♣
≈≈≈≈.≈≈≈≈≈≈≈.≈≈.♣♣PP♣♣♣
..≈≈..≈≈≈≈≈....≈≈P≈♣♣)♣≈


You could see a 13-headed hydra and a swamp drake.

Vanquished Creatures
  the Lernaean hydra (Swamp:4)
  Rupert (Lair:5)
  A tentacled monstrosity (Swamp:3)
  4 thorn hunters
  An orc warlord (Orc:2)
  A very ugly thing (Swamp:4)
  Nessos (Lair:5)
  The ghost of SirRappy the Severer, a journeyman MiBe of Trog (Orc:2)
  A fire dragon (Lair:6)
  Erolcha (D:9)
  2 shambling mangroves (Swamp:3)
  The ghost of Uluohez the Blocker, a journeyman GnFi of Ashenzari (D:11)
  Harold (Orc:1)
  26 hydras
  5 two-headed ogres
  A ghost crab (Swamp:3)
  15 alligators
  An orc high priest (Orc:2)
  Urug (Orc:2)
  17 slime creatures
  13 spriggans
  Nergalle (Lair:2)
  2 spriggan druids (Swamp:4)
  9 swamp dragons
  A lindwurm (Lair:6)
  4 orc knights
  2 cyclopes
  4 ugly things
  4 orc sorcerers (Orc:2)
  5 elephants
  7 black mambas
  2 molten gargoyles (Lair:6)
  3 gargoyles
  A torpor snail (Lair:1)
  12 spiny frogs
  10 komodo dragons
  A rime drake (Lair:5)
  18 hornets
  7 tyrant leeches
  3 polar bears
  Prince Ribbit (Lair:3)
  13 dream sheep
  21 blink frogs
  5 bog bodies
  5 hippogriffs
  A redback (Lair:4)
  2 shadows
  A wraith (D:11)
  A water elemental (D:12)
  7 wyverns
  27 yaks
  7 basilisks
  A hungry ghost (D:7)
  4 neqoxecs (Orc:2)
  3 steam dragons
  18 vampire mosquitoes
  3 wargs (Orc:1)
  23 swamp worms
  6 porcupines
  12 water moccasins
  3 hell hounds (Lair:6)
  A gnoll sergeant (D:6)
  33 orc warriors
  2 sky beasts
  An ice beast (D:6)
  2 phantoms
  6 swamp drakes
  A black bear (Lair:5)
  13 ogres
  8 wolves
  5 centaurs
  13 crocodiles
  3 big kobolds
  15 bullfrogs
  3 scorpions (D:6)
  6 killer bees (D:10)
  7 electric eels
  3 howler monkeys
  3 centaur zombies
  A crimson imp (D:6)
  3 lava snakes (Lair:6)
  3 quasits (Orc:2)
  5 jellies
  A centaur skeleton (D:6)
  4 hounds
  A bullfrog skeleton (D:4)
  15 orc priests
  28 orc wizards
  Jessica (D:3)
  5 iguanas
  Ijyb (D:3)
  10 worker ants
  5 hell rats (Lair:3)
  A killer bee zombie (D:9)
  5 big kobold zombies (Ossuary)
  2 hound zombies
  A hound skeleton (D:4)
  A mummy (Ossuary)
  2 gnolls (D:6)
  A worker ant zombie (D:6)
  18 adders
  A shadow imp (D:11)
  6 oozes
  A dart slug (D:1)
  5 worms
  7 leopard geckos
  86 orcs
  4 spectral bats (Ossuary)
  20 bats
  7 giant cockroaches
  5 goblins
  10 hobgoblins
  13 jackals
  5 quokkas
  2 ball pythons (D:1)
  A bat simulacrum (Ossuary)
  10 frilled lizards
  7 gnoll zombies (Ossuary)
  5 goblin simulacra (Ossuary)
  4 goblin zombies (Ossuary)
  6 hobgoblin zombies (Ossuary)
  A jackal skeleton (D:5)
  13 kobolds
  3 kobold simulacra (Ossuary)
  4 kobold zombies (Ossuary)
  A leopard gecko skeleton (D:4)
  4 orc zombies (Ossuary)
  A quokka zombie (D:6)
  4 rats
  2 rat simulacra (Ossuary)
  2 spectral goblins (Ossuary)
  5 spectral rats (Ossuary)
840 creatures vanquished.

Vanquished Creatures (collateral kills)
  An ogre (D:8)
  An orc priest (D:8)
  A gnoll shaman (D:6)
  A worker ant (D:5)
  An adder (D:3)
  6 gnolls (D:6)
  5 orcs
  A goblin (D:2)
17 creatures vanquished.

Vanquished Creatures (others)
  A dancing weapon (D:11)
  An alligator (Swamp:3)
  Sonja (Lair:5)
  A spriggan druid (Swamp:3)
  2 hornets (Swamp:3)
  A spriggan (Swamp:3)
  A yak (D:7)
  A swamp worm (Swamp:4)
  An orc warrior (Orc:2)
  An orc wizard (D:4)
  A worker ant (D:5)
  An adder (D:5)
  An orc (Orc:2)
  7 fungi
  2 plants
23 creatures vanquished.

Grand Total: 880 creatures vanquished

Notes
Turn   | Place    | Note
-------+----------+-------------------------------------------
     0 | D:1      | H0rd4k the Human Artificer began the quest for the Orb.
     0 | D:1      | Reached XP level 1. HP: 15/15 MP: 3/3
    91 | D:1      | Reached XP level 2. HP: 6/21 MP: 4/4
   655 | D:1      | Reached XP level 3. HP: 24/26 MP: 5/5
  1370 | D:2      | Reached XP level 4. HP: 17/32 MP: 6/6
  1595 | D:2      | Reached skill level 2 in Short Blades
  1833 | D:2      | Reached skill level 1 in Armour
  2046 | D:2      | Reached XP level 5. HP: 36/38 MP: 7/7
  2645 | D:3      | Noticed Jessica
  2657 | D:3      | Killed Jessica
  2893 | D:3      | Noticed Ijyb
  2931 | D:3      | Killed Ijyb
  3593 | D:4      | Reached XP level 6. HP: 35/44 MP: 8/8
  3654 | D:4      | Reached skill level 3 in Short Blades
  3900 | D:4      | Noticed an ogre
  3914 | D:4      | Killed an ogre
  3914 | D:4      | Reached XP level 7. HP: 13/51 MP: 9/9
  3966 | D:5      | Entered Level 5 of the Dungeon
  4499 | D:4      | Reached skill level 4 in Short Blades
  4536 | D:4      | Found Meawk's Book Emporium.
  5321 | D:4      | Reached XP level 8. HP: 58/58 MP: 11/11
  5630 | D:5      | Reached skill level 1 in Throwing
  5658 | D:5      | HP: 1/58 [centaur (6)]
  6128 | D:5      | Found Duphucsi's Antique Armour Shop.
  6151 | D:5      | Found an ancient bone altar of Kikubaaqudgha.
  6969 | D:6      | Reached skill level 5 in Short Blades
  6984 | D:6      | Reached XP level 9. HP: 56/65 MP: 12/12
  8866 | D:7      | Found Ciopey Kulo's Antique Armour Shoppe.
  8937 | D:7      | Found Tapnemp's Armour Boutique.
  9035 | D:7      | Found Oxydghaaf's Assorted Antiques.
  9051 | D:7      | Found a staircase to the Ecumenical Temple.
  9415 | Temple   | Entered the Ecumenical Temple
  9663 | Temple   | Became a worshipper of Gozag Ym Sagoz the Greedy
  9994 | D:8      | Reached skill level 6 in Short Blades
 10109 | D:8      | Found a stormy altar of Qazlal.
 10109 | D:8      | Found a staircase to the Lair.
 10120 | D:8      | Found a sand-covered staircase.
 10125 | Ossuary  | Entered an ossuary
 10287 | Ossuary  | Reached skill level 5 in Evocations
 10942 | D:8      | Reached skill level 5 in Dodging
 11167 | D:8      | Reached XP level 10. HP: 56/73 MP: 13/13
 11213 | D:8      | Reached skill level 5 in Stealth
 11404 | D:8      | Reached skill level 7 in Short Blades
 11634 | D:8      | Reached skill level 5 in Fighting
 12360 | D:5      | Bought a transparent plate armour for 588 gold pieces
 12370 | D:5      | Identified the +16 plate armour of Elyvilon's Benevolence
                  | {+Fly rElec rC+ Regen+} (You bought it in a shop on level 5
                  | of the Dungeon)
 12549 | D:7      | Reached skill level 8 in Short Blades
 12704 | D:9      | Reached skill level 5 in Throwing
 12751 | D:9      | Noticed Erolcha
 12775 | D:10     | Entered Level 10 of the Dungeon
 12996 | D:10     | Reached skill level 5 in Armour
 13107 | D:10     | Noticed a gargoyle
 13396 | D:9      | You fall into a shaft and drop 1 floor!
 13581 | D:10     | Noticed a two-headed ogre
 13783 | D:10     | Killed a gargoyle
 13896 | D:11     | Found a runed translucent door.
 13897 | D:11     | Found a shimmering altar of Xom.
 13897 | D:11     | Noticed a +2 long sword of chaos
 13897 | D:11     | Noticed Uluohez's ghost (journeyman GnFi)
 14066 | Lair:1   | Entered Level 1 of the Lair of Beasts
 14081 | Lair:1   | Reached skill level 9 in Short Blades
 14081 | Lair:1   | Reached XP level 11. HP: 75/81 MP: 14/14
 14655 | Lair:1   | Reached skill level 10 in Short Blades
 15887 | Lair:2   | Reached XP level 12. HP: 73/91 MP: 15/15
 15972 | Lair:2   | Noticed Nergalle
 16009 | Lair:2   | Killed Nergalle
 16489 | Lair:2   | Reached skill level 11 in Short Blades
 16576 | Lair:2   | Got a steaming cloak
 16582 | Lair:2   | Identified the +0 cloak of Wewnamp {rElec rF- rC+ Slay+3}
                  | (You found it on level 2 of the Lair of Beasts)
 16610 | Lair:2   | Noticed a four-headed hydra
 16620 | Lair:2   | Killed a four-headed hydra
 16876 | Lair:2   | Noticed a five-headed hydra
 16885 | Lair:2   | Killed a five-headed hydra
 17252 | Lair:3   | Noticed Prince Ribbit
 17411 | Lair:3   | Found a gate leading to a gauntlet.
 17740 | Lair:3   | Noticed a six-headed hydra
 17748 | Lair:3   | Killed a six-headed hydra
 17748 | Lair:3   | Reached skill level 1 in Shields
 17754 | Lair:3   | Noticed a six-headed hydra
 17772 | Lair:3   | Killed a six-headed hydra
 17791 | Lair:3   | Found a staircase to the Swamp.
 17873 | Lair:3   | Killed Prince Ribbit
 18173 | Lair:4   | Noticed a seven-headed hydra
 18186 | Lair:3   | Killed a seven-headed hydra
 18306 | Lair:4   | Reached XP level 13. HP: 87/98 MP: 17/17
 18326 | Lair:4   | Reached skill level 12 in Short Blades
 18631 | Lair:4   | Found a hole to the Spider Nest.
 19395 | Lair:5   | You fall into a shaft and drop 1 floor!
 19395 | Lair:6   | Entered Level 6 of the Lair of Beasts
 19479 | Lair:6   | Reached skill level 10 in Armour
 19666 | Lair:6   | Reached skill level 5 in Shields
 20033 | Lair:6   | Found a runed translucent door.
 20033 | Lair:6   | Found a viscous altar of Jiyva.
 20034 | Lair:6   | Found a staircase to the Slime Pits.
 20124 | Lair:6   | Noticed an eight-headed hydra
 20143 | Lair:6   | Killed an eight-headed hydra
 20381 | Lair:6   | Noticed a fire dragon
 20491 | Lair:6   | Found a large runed translucent door.
 20542 | Lair:5   | Noticed Sonja
 20555 | Lair:5   | Killed Sonja
 20609 | Lair:5   | Reached XP level 14. HP: 108/108 MP: 18/18
 20908 | Lair:5   | Noticed Nessos
 20920 | Lair:5   | Killed Nessos
 21024 | Lair:5   | Noticed Rupert
 21036 | Lair:5   | Killed Rupert
 21549 | D:8      | Bought a +5 ring of strength for 412 gold pieces
 21647 | D:9      | Reached skill level 13 in Short Blades
 21753 | D:9      | Killed Erolcha
 22188 | D:11     | Reached skill level 10 in Fighting
 22714 | D:11     | Found a roughly hewn altar of Beogh.
 22714 | D:11     | Found a staircase to the Orcish Mines.
 23050 | Orc:1    | Entered Level 1 of the Orcish Mines
 23221 | Orc:1    | Noticed Harold
 23243 | Orc:1    | Killed Harold
 23649 | Orc:1    | You fall into a shaft and drop 1 floor!
 23649 | Orc:2    | Entered Level 2 of the Orcish Mines
 23659 | Orc:2    | Found a transporter.
 23701 | Orc:2    | Noticed Urug
 23735 | Orc:2    | Killed Urug
 23767 | Orc:2    | Found a staircase to the Elven Halls.
 23802 | Orc:2    | Found Qieq Nolaqe's Gadget Shoppe.
 24047 | Orc:2    | Found a transporter.
 24058 | Orc:2    | Noticed SirRappy's ghost (journeyman MiBe)
 24124 | Orc:2    | Noticed an orc warlord
 24168 | Orc:2    | Killed an orc warlord
 24213 | Orc:2    | Found a roughly hewn altar of Beogh.
 24530 | Orc:2    | Reached XP level 15. HP: 70/117 MP: 19/19
 24905 | Orc:2    | Found Deghovikh's Antique Armour Shop.
 24912 | Orc:2    | Found Withred's General Store.
 24932 | Orc:2    | Found Vitwifoo's Antique Weapon Shop.
 24966 | Orc:2    | Bought an encrusted falchion for 240 gold pieces
 25018 | Orc:2    | Bought a pair of heavily runed boots for 294 gold pieces
 25034 | Orc:2    | Bought the +2 helmet of Untruth {rElec Str+3} for 382 gold
                  | pieces
 25385 | Orc:2    | Found Bymeoq's Jewellery Shop.
 25392 | Orc:2    | Bought the ring of Lady Luck {rF+ rC+ Str+2} for 691 gold
                  | pieces
 25424 | Orc:2    | Identified the +9 falchion of Maiwykh {slice, MR- Dex+6}
                  | (You bought it in a shop on level 2 of the Orcish Mines)
 25433 | Orc:2    | Identified the +3 pair of boots of Okawaru's Castigation
                  | {rC+ Stlth+} (You bought it in a shop on level 2 of the
                  | Orcish Mines)
 25571 | Orc:2    | Gained mutation: Your body sometimes deteriorates upon
                  | taking damage. [a neqoxec]
 25571 | Orc:2    | Gained mutation: Your flesh is cold resistant. (rC+) [a
                  | neqoxec]
 25573 | Orc:2    | Gained mutation: You are partially covered in yellow
                  | scales. (AC +2) [a neqoxec]
 25599 | Orc:2    | Gained mutation: You are somewhat resistant to further
                  | mutation. [a neqoxec]
 25642 | Orc:2    | Killed SirRappy's ghost
 25642 | Orc:2    | Reached skill level 1 in Long Blades
 25656 | Orc:2    | Got the ring "Kaloteej" {Int+3}
 25658 | Orc:2    | Got a brightly glowing amber ring
 25660 | Orc:2    | Identified the ring of False Pretenses {rN+ rCorr Str+3}
                  | (You found it on level 2 of the Orcish Mines)
 26176 | Lair:6   | Found a large runed translucent door.
 26706 | D:11     | Killed Uluohez's ghost
 26980 | D:8      | Bought an ebony shortbow for 304 gold pieces
 26985 | D:8      | Identified the cursed +0 shortbow of the Radish {venom,
                  | rPois rF- Str+3} (You bought it in a shop on level 8 of the
                  | Dungeon)
 28031 | D:12     | Found a runed translucent gate.
 28031 | D:12     | Found a runed translucent gate.
 28031 | D:12     | Found a runed translucent gate.
 28033 | D:12     | Noticed Peloso's ghost (journeyman MiFi)
 28033 | D:12     | Noticed worthlessgem's ghost (novice FoAM)
 29005 | Swamp:1  | Entered Level 1 of the Swamp
 29026 | Swamp:1  | Reached skill level 5 in Long Blades
 30152 | Swamp:2  | Reached XP level 16. HP: 85/126 MP: 20/20
 30258 | Swamp:3  | Noticed a thorn hunter
 30857 | Swamp:2  | Reached skill level 10 in Shields
 31347 | Swamp:3  | Noticed a thorn hunter
 31431 | Swamp:3  | Killed a thorn hunter
 31580 | Swamp:3  | Paralysed by a hornet for 3 turns
 31681 | Swamp:3  | Killed a thorn hunter
 32280 | Swamp:3  | Noticed a tentacled monstrosity
 32302 | Swamp:3  | Killed a tentacled monstrosity
 32697 | Swamp:4  | Entered Level 4 of the Swamp
 32772 | Swamp:4  | Reached XP level 17. HP: 116/133 MP: 21/21
 33257 | Swamp:4  | Noticed a thorn hunter
 33443 | Swamp:4  | Noticed the 27-headed Lernaean hydra
 33482 | Swamp:4  | Killed the 27-headed Lernaean hydra
 33488 | Swamp:4  | Reached skill level 10 in Long Blades
 33791 | Swamp:4  | Noticed a thorn hunter
 33809 | Swamp:4  | Killed a thorn hunter
 34589 | Swamp:4  | Noticed a thorn hunter
 34604 | Swamp:4  | Killed a thorn hunter
 34672 | Swamp:4  | HP: 4/135 [13-headed hydra (5)]
 34675 | Swamp:4  | Slain by a 13-headed hydra

Levels and vault maps discovered:
D:1:      nzn_arrival_depleted_hourglass, layout_loops_ring
D:2:      wad_pebble_path, layout_loops_ring, first_ration
D:3:      layout_loops_ring, uniq_ijyb, uniq_jessica
D:4:      layout_loops_ring, serial_shops, shop, minmay_goblin_kobold_house
D:5:      layout_loops_ring, basic_altar, serial_shops, shop_fountains
D:6:      layout_basic, minmay_crystal_water
D:7:      layout_rooms, minmay_temple_entry_grid, serial_shops,
          nicolae_shop_crystal, shop, nicolae_shop_stone
D:8:      layout_rooms, lemuel_crystal_altar, lair_entry_dummy,
          lightli_ossuary_entry_decrepit_ruins, blue_anna_alchemist
          [blue_anna_fruit_fields, blue_anna_fruit_fields]
D:9:      layout_irregular_city, uniq_erolcha
D:10:     layout_gridville
D:11:     layout_loops_ring, david_orc_5, ebering_ghost_xom
D:12:     layout_basic, gammafunk_ghost_cemetery, roderic_roman_lattice
Temple:   compressed_dpeg_circular_temple
Lair:1:   layout_regular_city
Lair:2:   layout_layer_cave, chequers_serial_rivers_micro_d,
          nicolae_quartered_pool_super, cheibrodos_lair_reptile_den,
          serial_bayou_shore_a, grunt_megastairs_3, uniq_nergalle
Lair:3:   layout_chaotic_city, palyth_hydra_swamp_entry, gauntlet_entry_generic,
          uniq_prince_ribbit2
Lair:4:   layout_loops_ring, spider_nest_entry_a, minmay_stone_trees_small,
          roderic_batcave
Lair:5:   layout_regular_city, chequers_serial_rivers_micro_a, uniq_nessos,
          uniq_rupert, uniq_sonja
Lair:6:   cheibrodos_lair_end_hotspot, layout_loops_ring, slime_altar_2
Swamp:1:  layout_falls_marsh, evilmike_swamp_ruin_house_6, swamp_pool1,
          infiniplex_staircase_pool
Swamp:2:  layout_basic_swamp, serial_swamp_ruin, evilmike_swamp_ruin_rubble_1,
          evilmike_swamp_ruin_house_2, evilmike_swamp_ruin_house_3,
          statue_in_the_mist_lemuel, st_swamp_ruins_3
Swamp:3:  layout_falls_marsh, evilmike_swamp_ruin_house_5,
          infiniplex_staircase_pool_2
Swamp:4:  swamp_alternative, layout_basic_swamp
Orc:1:    cheibrodos_orc_bank, layout_diamond_mine, uniq_harold
Orc:2:    grunt_orc_cross, layout_diamond_mine, gammafunk_ghost_stat_death,
          serial_shops, shop, rock_pile

Skill      XL: |  1  2  3  4  5  6  7  8  9 10 11 12 13 14 15 16 17 |
---------------+----------------------------------------------------+-----
Short Blades   | 2 3 4 5 6 9 10 11 12 13 | 13.8
Armour         | 1 2 3 4 5 7 9 10 11 12 | 12.8
Dodging        | 3 4 5 6 |  6.9
Fighting       | 2 3 4 5 7 8 9 10 11 12 | 12.5
Stealth        | 2 3 4 5 6 |  6.2
Evocations     | 4 5 6 |  6.3
Throwing       | 2 4 5 6 7 |  7.7
Shields        | 2 5 8 9 10 11 | 11.7
Long Blades    | 6 9 10 | 10.3

Action                   |  1- 3 |  4- 6 |  7- 9 | 10-12 | 13-15 | 16-18 || total
-------------------------+-------+-------+-------+-------+-------+-------++-------
Melee: Short sword       |   100 |    37 |   211 |   946 |  1583 |   206 ||  3083
       Dagger            |       |   154 |   495 |       |       |       ||   649
       Falchion          |       |       |       |       |   483 |   688 ||  1171
Throw: Dart              |       |       |    76 |    52 |    35 |    11 ||   174
Invok: Call Merchant     |       |       |       |     1 |     3 |       ||     4
Evoke: Wand              |     6 |    12 |    33 |    23 |    16 |     8 ||    98
       Sack of spiders   |       |       |       |       |       |     1 ||     1
  Use: Potion            |       |       |     3 |     4 |     5 |    14 ||    26
       Scroll            |       |       |    13 |       |    16 |     5 ||    34
 Stab: Sleeping          |     3 |     4 |    21 |       |       |       ||    28
       Paralysed         |       |       |     1 |       |       |     4 ||     5
       Distracted        |       |       |       |       |     9 |     5 ||    14
       Confused          |       |       |       |       |       |     1 ||     1
  Eat: Chunk             |     1 |     9 |    13 |       |       |       ||    23
       Ration            |       |       |     3 |     7 |    12 |     5 ||    27
Armor: Leather armour    |    26 |    27 |    83 |     5 |       |       ||   141
       Plate armour      |       |       |       |   437 |   791 |   846 ||  2074
Dodge: Dodged            |    69 |   117 |   231 |   199 |   457 |   426 ||  1499
Block: Other             |       |     4 |   112 |   131 |       |       ||   247
       Reflection        |       |     2 |     9 |     6 |    33 |     5 ||    55
       Buckler           |       |       |       |    52 |   708 |   578 ||  1338
       Rpst.: Falchion   |       |       |       |       |    33 |    42 ||    75
